Map: Thunderbird LE

Players

Starlord

  • Race: Zerg Zerg
  • League: Master
  • Spawn Location: 5:00

iaguzFan - Winner!

  • Race: Zerg Zerg
  • League: Master
  • Spawn Location: 11:00

VOD

https://youtu.be/mAL9e6LIa6M

Description

Time

  • Played on: July 29, 2019, 8:12 p.m.
  • Length: 13:04
Show
View Real Time Build Order
Export as new Build Order

Starlord Zerg 

Build Orders: Hatch First, Lurkers, Swarm Host 

Get SALT Encoding   

  12  0:02  Drone  
  13  0:13  Overlord  
  13  0:17  Drone  
  14  0:31  Drone  
  14  0:32  Drone  
  14  0:35  Drone  
  17  0:53  Hatchery  
  17  0:56  Drone  
  17  0:58  Drone  
  18  1:11  Extractor  
  17  1:13  Spawning Pool  
  17  1:15  Drone  
  17  1:19  Drone  
  18  1:29  Drone  
  19  1:40  Overlord  
  19  1:58  Drone  
  20  2:04  Queen, Zergling x2  
  20  2:05  Queen  
  20  2:06  Zergling x2  
  26  2:14  Drone  
  27  2:16  Drone  
  28  2:25  Drone  
  28  2:27  Drone  
  30  2:33  Drone  
  31  2:40  Lair  
  31  2:43  Extractor  
  30  2:45  Queen  
  30  2:49  Drone x2  
  34  2:52  Overlord  
  34  2:57  Drone  
  35  3:03  Drone  
  35  3:11  Drone x3  
  38  3:17  Spine Crawler  
  36  3:25  Drone x4  
  40  3:31  Overlord  
  40  3:40  Extractor  
  40  3:41  Spire  
  38  3:43  Extractor  
  38  3:45  Drone x2  
  39  3:50  Drone x3  
  39  3:52  Drone x3  
  45  4:02  Overlord  
  45  4:04  Overseer  
  45  4:11  Overlord  
  45  4:14  Drone x3  
  45  4:15  Drone x2  
  45  4:16  Drone  
  49  4:20  Roach Warren  
  49  4:24  Overlord  
  48  4:51  Drone  
  49  4:52  Mutalisk x4  
  49  4:53  Mutalisk x2  
  49  4:57  Mutalisk, Hatchery  
  62  5:01  Drone x2  
  64  5:08  Overlord  
  64  5:09  Evolution Chamber  
  64  5:12  Glial Reconstitution  
  63  5:18  Infestation Pit  
  62  5:27  Drone x2  
  64  5:29  Drone x7  
  71  5:38  Nydus Network  
  71  5:41  Drone x4  
  74  5:49  Drone  
  75  5:51  Extractor  
  75  5:53  Extractor  
  71  6:02  Swarm Host x4  
  81  6:16  Swarm Host x3  
  90  6:21  Overseer  
  90  6:26  Nydus Canal  
  90  6:33  Overlord x2  
  90  6:34  Overlord  
  90  6:43  Nydus Canal  
  90  7:04  Roach x5  
  90  7:05  Roach x7  
  114  7:18  Overlord x4  
  112  7:24  Nydus Canal  
  112  7:27  Spine Crawler  
  111  7:31  Spine Crawler  
  110  7:39  Nydus Canal  
  110  7:40  Roach x6  
  110  7:41  Roach  
  122  7:46  Drone x3  
  125  7:57  Spore Crawler  
  124  7:59  Spore Crawler  
  124  8:01  Spore Crawler  
  124  8:03  Spore Crawler  
  124  8:04  Drone x6  
  124  8:05  Spore Crawler  
  128  8:12  Overlord x2  
  128  8:17  Drone x2  
  128  8:18  Spore Crawler  
  128  8:19  Spore Crawler  
  125  8:21  Hydralisk Den  
  125  8:22  Nydus Canal, Infestation Pit  
  111  8:33  Drone x3  
  108  8:37  Drone x2  
  110  8:46  Nydus Canal  
  110  8:52  Pathogen Glands  
  110  8:54  Grooved Spines  
  110  8:55  Hive, Hydralisk x7  
  125  9:03  Overlord x2  
  125  9:05  Spore Crawler  
  125  9:08  Hatchery, Queen  
  125  9:11  Spore Crawler  
  125  9:13  Overlord  
  124  9:22  Overlord  
  124  9:30  Infestor  
  124  9:31  Infestor x5, Evolution Chamber x2  
  134  9:38  Infestor x2  
  134  9:40  Hydralisk x5  
  149  9:55  Lurker Den  
  149  9:57  Drone  
  149  9:58  Drone x3  
  152  10:03  Spore Crawler  
  152  10:05  Spore Crawler  
  152  10:06  Muscular Augments  
  150  10:08  Extractor  
  150  10:09  Spore Crawler  
  150  10:11  Hatchery  
  146  10:19  Overlord x2  
  146  10:21  Zerg Missile Weapons Level 1  
  146  10:24  Roach x6  
  158  10:30  Roach, Hydralisk  
  158  10:32  Overseer  
  158  10:33  Overlord  
  156  10:50  Hydralisk x6  
  156  10:51  Extractor  
  156  10:52  Extractor  
  166  11:04  Hydralisk x2  
  166  11:06  Drone x3  
  173  11:12  Spore Crawler  
  173  11:17  Overlord x2  
  172  11:23  Roach x3  
  178  11:39  Overlord  
  178  11:42  Roach x8  
  194  11:59  Lurker x6  
  194  12:11  Spore Crawler  
  194  12:12  Spore Crawler  
  188  12:22  Hydralisk x2  
  192  12:29  Hydralisk  
  194  12:31  Overlord  
  194  12:34  Spore Crawler  
  193  12:37  Spine Crawler  
  189  12:45  Hatchery  
Show
View Real Time Build Order
Export as new Build Order

iaguzFan Zerg - Winner!

Build Orders: Hatch First, Lurkers 

Get SALT Encoding   

  12  0:01  Drone  
  13  0:14  Overlord  
  13  0:18  Drone  
  14  0:32  Drone  
  14  0:33  Drone  
  16  0:48  Hatchery  
  15  0:52  Drone  
  16  0:58  Drone  
  16  1:01  Drone  
  18  1:12  Extractor  
  18  1:15  Spawning Pool  
  18  1:18  Drone  
  17  1:21  Drone  
  18  1:30  Drone  
  19  1:41  Drone  
  20  1:51  Overlord  
  20  2:02  Queen x2  
  20  2:03  Zergling x2  
  20  2:04  Drone  
  26  2:11  Metabolic Boost  
  26  2:14  Drone x2  
  28  2:22  Drone  
  29  2:23  Drone  
  30  2:36  Hatchery  
  29  2:39  Drone  
  30  2:46  Baneling Nest, Zergling x2  
  30  2:48  Drone  
  31  2:54  Overlord  
  31  3:04  Queen  
  33  3:06  Drone x2  
  35  3:20  Zergling x2  
  35  3:21  Drone x2  
  35  3:22  Drone  
  35  3:23  Drone  
  40  3:29  Drone x3  
  40  3:30  Drone  
  40  3:33  Evolution Chamber  
  43  3:37  Overlord  
  43  3:45  Drone  
  43  3:49  Drone x5  
  43  3:52  Zergling x2  
  49  3:58  Overlord  
  49  4:00  Zerg Missile Weapons Level 1  
  49  4:01  Drone  
  50  4:04  Zergling x2  
  51  4:13  Drone, Overlord  
  51  4:14  Drone x3  
  54  4:19  Drone  
  54  4:21  Drone  
  54  4:23  Lair  
  56  4:29  Extractor  
  56  4:30  Extractor  
  54  4:31  Roach Warren  
  54  4:33  Drone x7  
  54  4:34  Drone  
  61  4:42  Overlord  
  60  4:48  Drone x3  
  60  4:49  Drone  
  60  4:51  Queen  
  66  4:56  Queen  
  68  5:03  Overlord x2  
  68  5:04  Drone x2  
  68  5:05  Drone x4  
  68  5:07  Spore Crawler  
  73  5:08  Spore Crawler  
  73  5:09  Drone  
  73  5:12  Spore Crawler  
  72  5:16  Drone x2  
  72  5:17  Drone  
  72  5:18  Drone x3, Spore Crawler  
  77  5:24  Extractor  
  77  5:25  Extractor  
  74  5:28  Queen  
  74  5:32  Drone, Queen  
  79  5:36  Overlord x2  
  79  5:37  Extractor  
  79  5:38  Drone x2, Spore Crawler  
  79  5:39  Drone  
  80  5:48  Overlord  
  80  5:49  Overlord  
  79  5:59  Queen  
  79  6:01  Overlord x2  
  81  6:06  Glial Reconstitution  
  81  6:08  Spire  
  81  6:09  Drone x2  
  81  6:10  Drone x4  
  83  6:18  Drone  
  83  6:19  Drone x3  
  83  6:21  Spore Crawler  
  83  6:22  Queen  
  88  6:27  Pneumatized Carapace  
  88  6:28  Zerg Missile Weapons Level 2, Spore Crawler  
  88  6:29  Drone x2  
  88  6:30  Overseer  
  89  6:39  Overlord  
  89  6:40  Overlord  
  89  6:42  Roach  
  89  6:43  Roach x3  
  89  6:46  Roach x2  
  99  7:08  Zergling x6  
  99  7:09  Zergling x6  
  103  7:25  Mutalisk x11  
  125  7:38  Mutalisk x2  
  128  7:52  Mutalisk x2  
  128  7:53  Mutalisk  
  128  7:56  Overlord x7  
  128  7:57  Hatchery  
  133  8:03  Overlord  
  133  8:13  Overlord x3  
  133  8:19  Mutalisk  
  133  8:20  Mutalisk x3  
  140  8:41  Roach x9  
  158  8:47  Overlord x2  
  158  8:54  Zerg Flyer Weapons Level 1  
  158  8:55  Overlord  
  158  9:04  Drone x6  
  158  9:05  Infestation Pit, Hydralisk Den  
  158  9:06  Ravager  
  163  9:13  Drone x3  
  163  9:14  Drone x3  
  169  9:24  Roach x10  
  189  9:37  Extractor  
  188  9:38  Muscular Augments  
  188  9:39  Spore Crawler  
  188  9:40  Lurker Den  
  186  9:51  Ravager x4  
  192  9:52  Roach  
  192  9:53  Roach  
  194  10:02  Extractor  
  193  10:07  Hive  
  191  10:24  Zerg Ground Armor Level 1  
  191  10:27  Evolution Chamber  
  182  10:50  Grooved Spines  
  182  10:51  Hydralisk x3  
  182  10:52  Hydralisk x3  
  194  11:20  Hatchery  
  194  11:22  Adaptive Talons  
  193  11:27  Lurker x3  
  193  11:28  Lurker x3  
  195  11:59  Hydralisk x2  
Tags
 
Add a new tag
Caveats
  • Supply blocks, unpowered buildings, or Contaminate may cause inaccurate times.
  • Supply counts are checked every 10 seconds.